 Dungeon Crawl Stone Soup version 0.28-a0-1638-g9123634e07 (webtiles) character file.

Game seed: 18250755431661843274

123148 murtidash the Executioner (level 17, -41/128 HPs)
             Began as a Formicid Abyssal Knight on Jan 25, 2022.
             Was the Champion of Lugonu.
             Killed from afar by Bai Suzhen (61 damage)
             ... with a torrent of water
             ... on level 2 of the Swamp.
             The game lasted 01:22:23 (33042 turns).

murtidash the Executioner (FoAK)                   Turns: 33042, Time: 01:22:24

Health: -41/128    AC: 15    Str: 27    XL:     17   Next: 44%
Magic:  25/25      EV: 11    Int: 11    God:    Lugonu [******]
Gold:   2540       SH: 11    Dex: 11    Spells: 16/16 levels left

rFire   . . .      SeeInvis +   a - +7 executioner's axe (flame)
rCold   . . .      Faith    .   G - +2 kite shield
rNeg    . . .      Spirit   .   O - +0 swamp dragon scales
rPois   +          Reflect  .   (helmet unavailable)
rElec   .          Harm     .   i - +1 cloak {rCorr}
rCorr   +          Rampage  .   S - +0 pair of gloves
Will    ++...                   T - +0 pair of boots
Stlth   ++........              F - amulet "Lerex" {RegenMP Will+ Regen+ Str+2 Stlth+}
HPRegen 1.11/turn               U - +4 ring of protection
MPRegen 0.59/turn               Q - ring of flight {+Fly, !d}

@: corroded, flying, studying 2 skills
A: permanent stasis, dig shafts and tunnels, antennae 3, four strong arms, low
mp 1, passive freeze
a: Dig, Shaft Self, Renounce Religion, Depart the Abyss, Bend Space, Banish,
Corrupt, Enter the Abyss, Brand Weapon With Distortion


You were on level 2 of the Swamp.
You worshipped Lugonu.
Lugonu was exalted by your worship.
You visited 5 branches of the dungeon, and saw 27 of its levels.
You visited the Abyss 1 time.
You also visited: Gauntlet and Ice Cave.

You collected 4162 gold pieces.
You spent 1622 gold pieces at shops.

Inventory:

Hand Weapons
 a - a +7 executioner's axe of flaming (weapon)
   (You took it off Rupert on level 6 of the Lair of Beasts)
 b - the +9 shortbow of the Real Monster {flame, rElec}
   (You found it on level 6 of the Lair of Beasts)

   Any ammunition fired from it burns those it strikes, dealing additional fire
   damage.
   rElec:     It insulates you from electricity.
Missiles
 R - 570 arrows
Armour
 i - a +1 cloak of preservation (worn)
   (You found it on level 6 of the Lair of Beasts)
 G - a +2 kite shield (worn)
   (You took it off a gnoll sergeant on level 9 of the Dungeon)
 H - the +0 crystal plate armour "Ezijakh" {Str+6 Dex+5}
   (You acquired it on level 13 of the Dungeon)

   Str:       It affects your strength (+6).
   Dex:       It affects your dexterity (+5).
 O - +0 swamp dragon scales (worn)
   (You took it off Maggie on level 1 of the Lair of Beasts)
 S - a +0 pair of gloves (worn)
   (You found it on level 4 of the Lair of Beasts)
 T - a +0 pair of boots (worn)
   (You found it on level 4 of the Lair of Beasts)
Jewellery
 c - the ring of Ceneacsau {Str+2 Int+4 Dex+3 SInv}
   (You found it on level 2 of the Lair of Beasts)

   [ring of see invisible]

   Str:       It affects your strength (+2).
   Int:       It affects your intelligence (+4).
   Dex:       It affects your dexterity (+3).
   SInv:      It lets you see invisible.
 y - the amulet "Jivegada" {Acrobat -Cast Rampage rN+ Slay+3}
   (You acquired it on level 13 of the Dungeon)

   [amulet of the acrobat]

   It increases your evasion while moving and waiting.
   Slay:      It affects your accuracy & damage with ranged weapons and melee
   (+3).
   rN:        It protects you from negative energy.
   -Cast:     It prevents spellcasting.
   Rampage:   It bestows one free step when moving towards enemies.
 D - a ring of protection from cold {rC+, !d}
   (You found it on level 1 of the Lair of Beasts)
 F - the amulet "Lerex" (around neck) {RegenMP Will+ Regen+ Str+2 Stlth+}
   (You found it in a Gauntlet)

   [amulet of magic regeneration]

   It increases your rate of magic regeneration.
   Str:       It affects your strength (+2).
   Regen:     It increases your rate of health regeneration.
   Will:      It increases your willpower.
   Stlth:     It makes you more stealthy.
 I - the ring "Lieliapt" {Wiz rN+ rCorr Dex-5}
   (You found it in a Gauntlet)

   [ring of wizardry]

   It improves your spell success rate.
   Dex:       It affects your dexterity (-5).
   rN:        It protects you from negative energy.
   rCorr:     It protects you from acid and corrosion.
 Q - a ring of flight (right hand) {+Fly, !d}
   (You found it on level 3 of the Lair of Beasts)
 U - a +4 ring of protection (left hand)
   (You found it in an ice cave)
 W - an amulet of reflection
   (You found it on level 5 of the Lair of Beasts)
Wands
 g - a wand of digging (3)
   (You found it on level 5 of the Dungeon)
 q - a wand of acid (2)
   (You found it on level 2 of the Swamp)
 t - a wand of flame (59)
   (You took it off Pikel on level 6 of the Dungeon)
 z - a wand of iceblast (22)
   (You found it on level 7 of the Dungeon)
 M - a wand of mindburst (13)
   (You found it on level 1 of the Lair of Beasts)
 X - a wand of paralysis (4)
   (You found it on level 5 of the Lair of Beasts)
Scrolls
 d - 6 scrolls of fog
 e - 6 scrolls of amnesia
 f - 9 scrolls of identify {@r1}
 n - 5 scrolls of vulnerability {!r!r}
 o - 3 scrolls of torment {!r}
 u - 3 scrolls of holy word {!r}
 v - 4 scrolls of fear
 x - 3 scrolls of enchant armour
 E - 5 scrolls of silence
 N - 4 scrolls of summoning
 P - 2 scrolls of brand weapon
 Y - 2 scrolls of immolation {!r}
Potions
 h - 9 potions of curing
 j - 3 potions of magic
 k - 3 potions of mutation {!q}
 l - 2 potions of brilliance
 m - 3 potions of flight
 r - 4 potions of attraction {!q}
 s - 8 potions of lignification {!q}
 A - a potion of resistance
 B - a potion of invisibility
 J - 2 potions of cancellation
 L - 2 potions of ambrosia
Miscellaneous
 w - a lightning rod (4/4)
   (You found it on level 6 of the Lair of Beasts)
 K - a phial of floods
   (You found it on level 1 of the Swamp)
 V - a box of beasts
   (You found it on level 13 of the Dungeon)
 Z - a condenser vane
   (You found it on level 6 of the Lair of Beasts)


   Skills:
 - Level 10.0 Fighting
 * Level 22.1 Axes
 + Level 0.8 Bows
 - Level 10.0 Armour
 - Level 5.0 Dodging
 - Level 5.0 Shields
 - Level 14.7 Invocations
 - Level 8.0 Evocations


You had 16 spell levels left.
You didn't know any spells.
Your spell library contained the following spells:

 Spells                   Type           Power      Damage    Failure   Level
 Beastly Appendage        Tmut           0%         N/A       73%         1
 Foxfire                  Conj/Fire      0%         2x1d4     73%         1
 Ensorcelled Hibernation  Hex/Ice        0%         N/A       86%         2
 Passwall                 Tmut/Erth      0%         N/A       86%         2
 Scorch                   Fire           0%         2d5       86%         2
 Sublimation of Blood     Necr           0%         N/A       86%         2
 Wereblood                Tmut           0%         N/A       86%         2
 Conjure Flame            Conj/Fire      0%         6-21      97%         3
 Frozen Ramparts          Ice            0%         1d2       97%         3
 Gell's Gravitas          Tloc           0%         N/A       97%         3
 Inner Flame              Hex/Fire       0%         N/A       97%         3
 Spider Form              Tmut/Pois      0%         N/A       97%         3
 Stone Arrow              Conj/Erth      0%         3d7       97%         3
 Teleport Other           Tloc           0%         N/A       97%         3
 Anguish                  Hex/Necr       0%         N/A       100%        4
 Animate Armour           Summ/Erth      0%         N/A       100%        4
 Flame Wave               Conj/Fire      0%         2d4       100%        4
 Ice Form                 Ice/Tmut       0%         N/A       100%        4
 Summon Ice Beast         Ice/Summ       0%         N/A       100%        4
 Blade Hands              Tmut           0%         N/A       100%        5
 Manifold Assault         Tloc           0%         N/A       100%        5
 Summon Mana Viper        Hex/Summ       0%         N/A       100%        5
 Dispersal                Tloc           0%         N/A       100%        6
 Eringya's Noxious Bog    Tmut/Pois      0%         N/A       100%        6
 Iron Shot                Conj/Erth      0%         9d1       100%        6
 Statue Form              Tmut/Erth      0%         N/A       100%        6
 Summon Cactus Giant      Summ           0%         N/A       100%        6
 Dragon Form              Tmut           0%         N/A       100%        7
 Monstrous Menagerie      Summ           0%         N/A       100%        7
 Storm Form               Tmut/Air       0%         N/A       100%        7
 Summon Hydra             Summ           0%         N/A       100%        7
 Lehudib's Crystal Spear  Conj/Erth      0%         10d2      100%        8
 Blink                    Tloc           Unusable   N/A       N/A         2
 Swiftness                Air            Unusable   N/A       N/A         3

Dungeon Overview and Level Annotations

Branches:
Dungeon (15/15)            Temple (1/1) D:6            Lair (6/6) D:11
  Swamp (3/4) Lair:4       Spider (0/4) Lair:4        Slime (0/5) Lair:6
    Orc (2/2) D:11            Elf (0/3) Orc:2        Vaults (0/5) D:13
 Depths (0/4) D:15          IceCv (visited)         Gauntlet (visited)

Altars:
Cheibriados
Dithmenos
Elyvilon
Gozag
Makhleb
Nemelex Xobeh
Ru
Trog
Vehumet
Yredelemnul
Zin
The Shining One

Shops:
D:2 (   D:4 ?   D:7 ?   D:11 [(   D:13 *   Orc:2 [?:(

Portals:
Trove: D:12 (show abyssal rune of Zot)

Annotations:
Lair:4 3 runed translucent doors, Cessyug's ghost, journeyman DrIE
Swamp:2 Bai Suzhen
Abyss:1 Urug


Innate Abilities, Weirdness & Mutations

You cannot be hasted, slowed, berserked, paralysed or teleported.
You can dig through walls and to a lower floor.
You have a pair of large antennae on your head. (SInv)
Your four strong arms can wield two-handed weapons with a shield.
Your magical capacity is low. (-10% MP)
A frigid envelope surrounds you and freezes all who hurt you.


Message History

You hit Bai Suzhen but do no damage.
You slice one of the four-headed hydra's heads off!
The flame cauterises the wound!
You slice the three-headed hydra!! You burn the three-headed hydra.
You hack one of the five-headed hydra's heads off!
The flame cauterises the wound!
You hit the four-headed hydra. You burn the four-headed hydra.
Bai Suzhen hits you with a +2 quarterstaff of speed.
Bai Suzhen completely resists.
Bai Suzhen tail-slaps you.
Bai Suzhen resists.
Bai Suzhen is very cold.
The three-headed hydra bites you.
The three-headed hydra is very cold.
The three-headed hydra seems to slow down.
The three-headed hydra bites you.
The three-headed hydra is very cold.
The three-headed hydra seems to slow down.
You block the three-headed hydra's attack.
Bai Suzhen pines for her lost husband.
Bai Suzhen roars!
An eight-headed hydra appears.
You take 10 damage, and have 102/128 hp.
You cut Bai Suzhen into ribbons!!!
You hear a splash.
Bai Suzhen roars in fury and transforms into a fierce dragon!
You burn Bai Suzhen!
You chop one of the eight-headed hydra's heads off!
The flame cauterises the wound!
You slice the seven-headed hydra!! You burn the seven-headed hydra.
You chop one of the three-headed hydra's heads off!
The flame cauterises the wound!
You slice the two-headed hydra!! You burn the two-headed hydra!
You slice one of the four-headed hydra's heads off!
The flame cauterises the wound!
You slice the three-headed hydra!! You burn the three-headed hydra.
You are standing in a thunderstorm.
You are struck by lightning!
The three-headed hydra bites you!
The three-headed hydra is very cold.
The three-headed hydra seems to slow down.
The three-headed hydra bites you but does no damage.
The three-headed hydra is very cold.
The three-headed hydra bites you but does no damage.
The three-headed hydra is very cold.
The three-headed hydra seems to slow down.
You block the two-headed hydra's attack.
The two-headed hydra bites you.
The two-headed hydra is very cold.
The two-headed hydra seems to slow down.
You take 15 damage, and have 87/128 hp.
You hit Bai Suzhen but do no damage.
You hack one of the three-headed hydra's heads off!
The flame cauterises the wound!
You slice the two-headed hydra!! You burn the two-headed hydra.
You kill the two-headed hydra!
The two-headed hydra's corpse disappears in a puff of smoke!
You lop one of the two-headed hydra's heads off!
The flame cauterises the wound!
You hit the one-headed hydra. You burn the one-headed hydra.
You kill the one-headed hydra!
The one-headed hydra's corpse disappears in a puff of smoke!
You lop one of the seven-headed hydra's heads off!
The flame cauterises the wound!
You slash the six-headed hydra! You burn the six-headed hydra.
You are standing in a thunderstorm.
You block Bai Suzhen's attack. x2
Bai Suzhen tramples you but does no damage.
Bai Suzhen resists.
Bai Suzhen is very cold.
The six-headed hydra completely misses you.
The six-headed hydra bites you.
The six-headed hydra is very cold.
You block the six-headed hydra's attack.
The six-headed hydra barely misses you. The six-headed hydra bites you!
The six-headed hydra is very cold.
The six-headed hydra seems to slow down.
The six-headed hydra bites you!
The six-headed hydra is very cold.
You take 22 damage, and have 65/128 hp.
You slice Bai Suzhen!! You burn Bai Suzhen!
You chop one of the six-headed hydra's heads off!
The flame cauterises the wound!
You slice the five-headed hydra!! You burn the five-headed hydra.
You kill the five-headed hydra!
The five-headed hydra's corpse disappears in a puff of smoke!
You are standing in a thunderstorm.
Bai Suzhen twists and twirls her body through the storm.
Bai Suzhen breathes water at you. The torrent of water hits you!!
You are knocked back by the torrent of water.
You slam into the mangrove!
* * * LOW HITPOINT WARNING * * *
The wave splashes down.
You take 60 damage, and have 5/128 hp.
MASSIVE DAMAGE!!
Space bends sharply around you!
You blink.
You take 1 damage, and have 4/128 hp.
You now have 24/25 mp.
Aim: Bai Suzhen (almost dead, surrounded by thunder, chance to affect: 26%)
Okay, then.
Unknown command.
Unknown command.
You feel much better.
You regained 17 hp, and now have 21/128 hp.
MP restored: 25
Here: Bai Suzhen (almost dead, surrounded by thunder) Some shallow water, summoned.
Unknown command.
Space bends around you!
You blink.
Bai Suzhen breathes water at you. The torrent of water hits you!!!
You die...

≈≈.♣♣♣♣..♣♣≈≈..≈.≈≈..♣♣♣♣≈≈♣♣♣...
≈..≈♣♣♣♣..♣♣...)..§≈≈.≈≈..≈.♣♣♣..
.♣♣.≈♣♣......[....≈≈≈..>♣≈≈.♣ ♣♣♣
≈♣≈♣≈.≈≈≈≈...≈≈≈..<≈≈.♣♣♣..§♣
≈♣..♣.≈§§≈§§.≈≈≈§.≈≈≈.♣ ♣...♣
≈♣♣.♣≈.≈)§D§.≈≈≈≈.≈≈§.♣♣♣.≈≈♣
≈♣♣♣♣≈.§§§♣§(.....≈≈≈♣♣♣≈♣.≈♣ .♣
♣♣≈..≈♣♣≈........♣ ♣♣♣♣♣♣ .♣
♣♣♣♣♣♣♣♣≈..@...♣♣ ♣♣ ♣♣♣♣♣♣≈♣♣
♣♣♣ ♣♣ ≈♣♣ ≈≈♣ .♣♣ ♣♣ .♣


You could see Bai Suzhen (clouds, catching breath).

Vanquished Creatures
  Rupert (Lair:6)
  Agnes (D:14)
  A thorn hunter (Swamp:2)
  An orc warlord (Orc:1)
  2 eleionomae
  A dire elephant (Lair:6)
  6 bunyips
  An ettin (D:15)
  2 shambling mangroves
  6 vault guards
  18 hydras
  A spriggan air mage (Lair:4)
  2 boulder beetles
  4 centaur warriors
  A ghost crab (Swamp:2)
  A death knight (D:15)
  A catoblepas (Lair:6)
  Erica (D:8)
  3 alligators (Swamp:1)
  5 two-headed ogres
  2 tengu warriors
  A deep troll shaman (Lair:6)
  9 death yaks (Lair:6)
  Sonja (D:13)
  Nergalle (D:10)
  2 spriggan druids
  A goliath frog (Swamp:1)
  2 deep trolls (D:15)
  A bog body (Swamp:2)
  Pikel (D:6)
  4 swamp dragons
  A phantasmal warrior (D:15)
  6 orc knights
  2 necromancers (D:15)
  2 deep elf pyromancers
  14 ugly things
  An oklob plant (Gauntlet)
  3 orc sorcerers
  3 manticores
  5 cyclopes
  2 ice statues (IceCv)
  7 black mambas
  3 elephants (Lair:6)
  Maggie (Lair:1)
  13 cane toads
  3 unseen horrors
  3 gargoyles
  A torpor snail (Lair:5)
  An efreet (Gauntlet)
  10 komodo dragons
  4 kobold demonologists
  A rime drake (Lair:2)
  An entropy weaver simulacrum (IceCv)
  A yaktaur (D:13)
  4 ice devils (IceCv)
  A queen bee (shapeshifter) (D:13)
  7 tyrant leeches
  4 trolls
  2 hornets
  6 slime creatures
  5 polar bears
  Prince Ribbit (Lair:2)
  23 blink frogs
  2 dream sheep (Lair:5)
  A jumping spider (Lair:4)
  2 vampires
  2 dire elephant simulacra (IceCv)
  5 wraiths
  A yak (shapeshifter) (D:14)
  Sigmund (D:5)
  3 fire elementals (Gauntlet)
  3 spriggans
  A human (D:13)
  Eustachio (D:4)
  41 yaks
  3 basilisks
  4 wyverns
  A redback (Lair:4)
  Menkaure (D:5)
  3 vampire mosquitoes (D:15)
  2 wargs (Orc:1)
  6 harpy simulacra (IceCv)
  5 swamp worms
  4 acid dragons
  14 water moccasins
  Duvessa (D:7)
  A swamp drake (Swamp:1)
  48 orc warriors
  5 ogres
  2 sky beasts (D:6)
  19 wolves
  23 centaurs
  2 lemures
  A phantom (D:5)
  4 kobold brigands
  Blork the orc (D:5)
  3 scorpions
  5 gnoll sergeants
  A wyvern zombie (D:8)
  15 bullfrogs
  2 two-headed ogre simulacra (IceCv)
  Dowan (D:7)
  7 killer bees
  An elephant simulacrum (IceCv)
  12 wights
  6 howler monkeys
  2 vampire bats (Lair:2)
  2 electric eels (Lair:1)
  A centaur zombie (D:9)
  15 jellies
  A bullfrog zombie (D:3)
  4 centaur skeletons
  2 bullfrog skeletons
  A gnoll shaman (D:6)
  13 orc priests
  Crazy Yiuf (D:5)
  2 hounds (D:4)
  Jessica (D:2)
  3 iguanas
  20 orc wizards
  A troll simulacrum (IceCv)
  A hound skeleton (D:4)
  A howler monkey zombie (D:8)
  Robin (D:4)
  5 adders (D:3)
  17 gnolls
  A naga simulacrum (IceCv)
  4 ufetubi
  2 adder skeletons (D:4)
  A worm (D:3)
  3 dart slugs
  85 orcs
  7 endoplasms
  4 giant cockroaches
  12 goblins
  10 hobgoblins
  5 jackals
  18 kobolds
  6 quokkas
  8 ball pythons
  10 bats
  3 frilled lizards
  7 rats
771 creatures vanquished.

Vanquished Creatures (others)
  A goliath frog (Swamp:2)
  A wizard (D:13)
  2 bloated husks
  An orc (D:11)
  21 fungi
  31 plants
57 creatures vanquished.

Grand Total: 828 creatures vanquished

Notes
Turn   | Place    | Note
-------+----------+-------------------------------------------
     0 | Abyss:1  | murtidash the Formicid Abyssal Knight began the quest for
                  | the Orb.
     0 | Abyss:1  | Reached XP level 1. HP: 18/18 MP: 2/2
    10 | D:1      | Escaped the Abyss
   214 | D:1      | Reached XP level 2. HP: 21/24 MP: 3/3
   272 | D:1      | Found a faded altar of an unknown god.
   718 | D:1      | Reached XP level 3. HP: 25/29 MP: 5/5
   898 | D:1      | Reached skill level 3 in Axes
  1209 | D:2      | Reached ** piety under Lugonu
  1292 | D:2      | Found Forutaf's Antique Weapon Emporium.
  1416 | D:2      | Reached skill level 3 in Invocations
  1960 | D:2      | Noticed Jessica
  1964 | D:2      | Killed Jessica
  1965 | D:2      | Reached XP level 4. HP: 29/35 MP: 6/6
  2455 | D:3      | Reached skill level 4 in Axes
  2455 | D:3      | Reached XP level 5. HP: 19/41 MP: 7/7
  2945 | D:3      | Reached skill level 4 in Invocations
  3793 | D:4      | Found Awasm's Magic Scroll Shop.
  3795 | D:4      | Noticed an ogre
  3866 | D:3      | Reached XP level 6. HP: 35/47 MP: 9/9
  4183 | D:4      | Reached *** piety under Lugonu
  4251 | D:4      | Found an opulent altar of Gozag.
  4256 | D:4      | Gained mutation: A frigid envelope surrounds you and
                  | freezes all who hurt you. [potion of mutation]
  4256 | D:4      | Gained mutation: Your magical capacity is low. (-10% MP)
                  | [potion of mutation]
  4262 | D:4      | Reached skill level 5 in Axes
  4507 | D:4      | Noticed Robin
  4515 | D:4      | Killed Robin
  4904 | D:4      | Killed an ogre
  4905 | D:4      | Reached skill level 6 in Axes
  4905 | D:4      | Reached skill level 5 in Invocations
  4905 | D:4      | Reached XP level 7. HP: 52/52 MP: 9/9
  4934 | D:4      | Noticed Eustachio
  4942 | D:4      | Killed Eustachio
  5170 | D:5      | Entered Level 5 of the Dungeon
  5361 | D:5      | Found a runed translucent door.
  5362 | D:5      | Noticed Crazy Yiuf
  5648 | D:5      | Reached skill level 7 in Axes
  5648 | D:5      | Reached skill level 6 in Invocations
  5648 | D:5      | Reached XP level 8. HP: 50/58 MP: 11/11
  6099 | D:5      | Found a basalt altar of Yredelemnul.
  6173 | D:5      | Found an opulent altar of Gozag.
  6244 | D:5      | Found a glowing silver altar of Zin.
  6372 | D:5      | Noticed Sigmund
  6863 | D:5      | Killed Crazy Yiuf
  7213 | D:5      | Killed Sigmund
  7214 | D:5      | Reached skill level 8 in Axes
  7214 | D:5      | Reached skill level 7 in Invocations
  7284 | D:5      | Noticed Blork the orc
  7292 | D:5      | Killed Blork the orc
  7536 | D:5      | Noticed Menkaure
  7570 | D:5      | HP: 11/58 [poisoned by an orc]
  7861 | D:5      | Killed Menkaure
  8143 | D:5      | Found a sacrificial altar of Ru.
  8147 | D:5      | Found a burning altar of Makhleb.
  8149 | D:5      | Found a white marble altar of Elyvilon.
  8149 | D:5      | Found a radiant altar of Vehumet.
  8149 | D:5      | Found a bloodstained altar of Trog.
  8149 | D:5      | Found a glowing golden altar of the Shining One.
  8150 | D:5      | Found a snail-covered altar of Cheibriados.
  8157 | D:5      | Reached XP level 9. HP: 59/64 MP: 13/13
  8304 | D:2      | Bought a pitted battleaxe for 253 gold pieces
  8304 | D:2      | Identified the +9 battleaxe of the Twenty Towns {freeze,
                  | MP+9 Str+4 Int+2 Dex-3} (You bought it in a shop on level 2
                  | of the Dungeon)
  8511 | D:6      | Reached skill level 9 in Axes
  8586 | D:6      | Found a staircase to the Ecumenical Temple.
  8620 | D:6      | Reached skill level 8 in Invocations
  8627 | D:6      | Reached **** piety under Lugonu
  8882 | D:6      | Reached skill level 10 in Axes
  9550 | D:6      | Identified the +6 flail "Obish" {antimagic, rCorr Dex+4}
  9844 | Temple   | Entered the Ecumenical Temple
  9886 | D:7      | Noticed Duvessa
  9886 | D:7      | Noticed Dowan
  9888 | D:7      | Killed Duvessa
  9890 | D:7      | Killed Dowan
 10120 | D:7      | Reached skill level 9 in Invocations
 10394 | D:7      | Noticed a slime creature
 10394 | D:7      | Noticed a slime creature
 10395 | D:7      | Noticed a slime creature
 10398 | D:7      | Noticed a slime creature
 10819 | D:7      | Noticed Pikel
 10841 | D:6      | Killed Pikel
 10842 | D:6      | Reached skill level 11 in Axes
 10842 | D:6      | Reached skill level 3 in Armour
 10842 | D:6      | Reached skill level 1 in Shields
 10842 | D:6      | Reached XP level 10. HP: 52/70 MP: 15/15
 10968 | D:7      | Reached skill level 2 in Shields
 11159 | D:6      | Reached skill level 3 in Shields
 11479 | D:7      | Found Nunyag's Magic Scroll Emporium.
 11562 | D:4      | Bought a scroll of magic mapping for 42 gold pieces
 11688 | D:7      | Reached skill level 4 in Armour
 11988 | D:8      | Reached skill level 10 in Invocations
 12481 | D:8      | Noticed Erica
 12492 | D:8      | Killed Erica
 12493 | D:8      | Reached skill level 12 in Axes
 12493 | D:8      | Reached skill level 4 in Shields
 12851 | D:9      | Reached XP level 11. HP: 68/75 MP: 16/16
 12933 | D:9      | Reached skill level 5 in Armour
 13193 | D:9      | Reached skill level 5 in Shields
 13317 | D:9      | Identified the +1 leather armour of Dim Light {rC+ Int+3}
 13702 | D:9      | Noticed a two-headed ogre
 13709 | D:9      | Killed a two-headed ogre
 13710 | D:9      | Reached skill level 13 in Axes
 13710 | D:9      | Reached skill level 11 in Invocations
 13727 | D:9      | Identified the +9 flail "Dymuir" {vorpal, rF- rCorr MP+9
                  | Stlth+}
 13762 | D:9      | Reached skill level 1 in Dodging
 14018 | D:9      | Reached ***** piety under Lugonu
 14192 | D:10     | Entered Level 10 of the Dungeon
 14192 | D:10     | Noticed Nergalle
 14252 | D:10     | Noticed a spectral orc warlord
 14659 | D:10     | Killed Nergalle
 14725 | D:10     | Identified the ring of Dishonesty {Fire Int+3}
 14732 | D:10     | Reached skill level 4 in Fighting
 14736 | D:10     | Reached skill level 2 in Dodging
 15801 | D:11     | Found Vuop's Weapon Emporium.
 15806 | D:11     | Found a staircase to the Orcish Mines.
 15809 | D:11     | Reached XP level 12. HP: 84/84 MP: 18/18
 15810 | D:11     | Found Nirr's Armour Emporium.
 15831 | D:11     | Found a gate leading to a gauntlet.
 15837 | D:11     | Noticed Urug
 15839 | Gauntlet | Entered a Gauntlet
 15839 | Gauntlet | Found a transporter.
 15839 | Gauntlet | Found a transporter.
 15839 | Gauntlet | Found a large runed translucent door.
 15839 | Gauntlet | Found a large runed translucent door.
 15839 | Gauntlet | Found a large runed translucent door.
 15839 | Gauntlet | Found a large runed translucent door.
 15839 | Gauntlet | Found a large runed translucent door.
 15839 | Gauntlet | Found a large runed translucent door.
 15839 | Gauntlet | Found a runed translucent door.
 15839 | Gauntlet | Found a runed translucent door.
 15839 | Gauntlet | Found a large runed translucent door.
 15839 | Gauntlet | Found a large runed translucent door.
 15839 | Gauntlet | Found a large runed translucent door.
 15839 | Gauntlet | Found a large runed translucent door.
 15839 | Gauntlet | Found a large runed translucent door.
 15839 | Gauntlet | Found a large runed translucent door.
 15845 | Gauntlet | Found a transporter.
 15847 | Gauntlet | Found a transporter.
 15848 | Gauntlet | Found a large runed translucent door.
 15848 | Gauntlet | Found a large runed translucent door.
 15849 | Gauntlet | Found a runed translucent gate.
 15849 | Gauntlet | Found a runed translucent gate.
 15849 | Gauntlet | Found a runed translucent gate.
 15851 | Gauntlet | Found a transporter.
 15854 | Gauntlet | Noticed a ghost crab
 15859 | Gauntlet | Noticed a dire elephant
 15862 | Gauntlet | Found a transporter.
 15868 | Gauntlet | Found a transporter.
 15870 | Gauntlet | Found a transporter.
 15876 | Gauntlet | Found a transporter.
 15886 | Gauntlet | Found a transporter.
 15906 | Gauntlet | Found a transporter.
 15928 | Gauntlet | Found a transporter.
 15967 | Gauntlet | Found a transporter.
 15985 | Gauntlet | Found a transporter.
 16067 | Gauntlet | Found a large runed translucent door.
 16067 | Gauntlet | Found a large runed translucent door.
 16085 | Gauntlet | Found a transporter.
 16104 | Gauntlet | Found a transporter.
 16655 | Gauntlet | Banished a ghost crab
 16656 | Gauntlet | Reached skill level 5 in Fighting
 16656 | Gauntlet | Reached skill level 3 in Dodging
 16694 | Gauntlet | Identified the amulet "Lerex" {RegenMP Will+ Regen+ Str+2
                  | Stlth+}
 16728 | Gauntlet | Reached skill level 14 in Axes
 16733 | Gauntlet | HP: 16/86 [fire elemental (9)]
 16801 | Gauntlet | Identified the ring "Lieliapt" {Wiz rN+ rCorr Dex-5}
 16840 | Gauntlet | Identified the +6 ring mail of Vehumet {Rampage rC- SInv}
 16840 | Gauntlet | Noticed a minotaur
 16847 | Gauntlet | HP: 10/86 [minotaur (18)]
 16848 | Gauntlet | Banished a minotaur
 16849 | Gauntlet | Reached skill level 12 in Invocations
 16898 | D:11     | Banished Urug
 16961 | D:11     | Found a staircase to the Lair.
 16963 | D:11     | Got the Incunabulum of Changing
 17154 | D:11     | Found a white marble altar of Elyvilon.
 17515 | D:11     | Noticed an eight-headed hydra
 17520 | D:11     | Killed a six-headed hydra
 17521 | D:11     | Reached skill level 6 in Fighting
 17521 | D:11     | Reached skill level 4 in Dodging
 17822 | Lair:1   | Entered Level 1 of the Lair of Beasts
 17822 | Lair:1   | Noticed a six-headed hydra
 17828 | D:11     | Killed a six-headed hydra
 18449 | Lair:1   | Noticed Maggie
 18454 | Lair:1   | Killed Maggie
 18455 | Lair:1   | Reached XP level 13. HP: 95/95 MP: 20/20
 18744 | Lair:2   | Reached skill level 15 in Axes
 18747 | Lair:2   | Reached skill level 5 in Dodging
 18803 | Lair:2   | Reached skill level 7 in Fighting
 18816 | Lair:2   | Noticed a five-headed hydra
 18818 | Lair:2   | Banished a five-headed hydra
 18819 | Lair:2   | Reached skill level 13 in Invocations
 19153 | Lair:2   | Identified the ring of Ceneacsau {Str+2 Int+4 Dex+3 SInv}
 19157 | Lair:2   | Noticed Prince Ribbit
 19165 | Lair:2   | Killed Prince Ribbit
 19902 | Lair:3   | Reached skill level 8 in Fighting
 19984 | Lair:3   | Noticed a five-headed hydra
 20003 | Lair:3   | Killed a five-headed hydra
 20004 | Lair:3   | Reached skill level 16 in Axes
 20712 | Lair:4   | Found a hole to the Spider Nest.
 20766 | Lair:4   | Noticed a boulder beetle
 20771 | Lair:4   | Killed a boulder beetle
 20858 | Lair:4   | Reached skill level 14 in Invocations
 20910 | Lair:4   | Found a frozen archway.
 20914 | IceCv    | Entered an ice cave
 21530 | IceCv    | Reached XP level 14. HP: 105/105 MP: 22/22
 21683 | IceCv    | Noticed a reaper
 22303 | Lair:4   | Found a runed translucent gate.
 22303 | Lair:4   | Found a runed translucent gate.
 22304 | Lair:4   | Found a runed translucent gate.
 22306 | Lair:4   | Noticed Cessyug's ghost (journeyman DrIE)
 22462 | Lair:4   | Found a staircase to the Swamp.
 22703 | Lair:5   | Reached skill level 17 in Axes
 23221 | Lair:6   | Entered Level 6 of the Lair of Beasts
 23256 | Lair:6   | Reached skill level 6 in Armour
 23364 | Lair:6   | Reached skill level 1 in Evocations
 23405 | Lair:6   | Reached skill level 9 in Fighting
 23454 | Lair:6   | Found a staircase to the Slime Pits.
 23496 | Lair:6   | Reached skill level 2 in Evocations
 23687 | Lair:6   | Noticed Rupert
 23709 | Lair:6   | Killed Rupert
 23710 | Lair:6   | Reached skill level 3 in Evocations
 23906 | D:7      | Bought a scroll of enchant armour for 105 gold pieces
 23906 | D:7      | Bought a scroll of enchant weapon for 105 gold pieces
 23906 | D:7      | Bought a scroll of silence for 105 gold pieces
 23906 | D:7      | Bought a scroll of fog for 28 gold pieces
 23986 | D:4      | Bought a scroll of enchant weapon for 90 gold pieces
 23986 | D:4      | Bought a scroll of enchant weapon for 90 gold pieces
 24236 | Lair:6   | Reached skill level 7 in Armour
 24382 | Lair:6   | Reached XP level 15. HP: 114/114 MP: 23/23
 24431 | Lair:6   | Reached skill level 18 in Axes
 24475 | Lair:6   | Reached ****** piety under Lugonu
 24476 | Lair:6   | Reached skill level 4 in Evocations
 24695 | Lair:6   | HP: 22/115 [death yak (19)]
 24697 | Lair:6   | HP: 5/115 [death yak (19)]
 24872 | Lair:6   | Reached skill level 10 in Fighting
 24901 | Lair:6   | Identified the +6 hunting sling of Cheibriados {vorpal, rN+
                  | Str+5 Dex-5}
 24905 | Lair:6   | Identified the +9 shortbow of the Real Monster {flame,
                  | rElec}
 25168 | D:12     | Reached skill level 8 in Armour
 25417 | D:12     | Reached skill level 5 in Evocations
 25703 | D:12     | Found a portal to a secret trove of treasure.
 25842 | Orc:1    | Entered Level 1 of the Orcish Mines
 25881 | Orc:1    | Noticed an orc warlord
 25891 | Orc:1    | HP: 17/115 [orc warlord (41)]
 25990 | Orc:1    | Killed an orc warlord
 26319 | Orc:2    | Entered Level 2 of the Orcish Mines
 26319 | Orc:2    | Noticed an orc warlord
 26363 | Orc:1    | Banished an orc warlord
 26510 | Orc:2    | Reached skill level 6 in Evocations
 26530 | Orc:2    | Found a staircase to the Elven Halls.
 27068 | Orc:2    | Reached skill level 19 in Axes
 27068 | Orc:2    | Reached skill level 9 in Armour
 27408 | Orc:2    | Found Ycawig's Magic Scroll Emporium.
 27408 | Orc:2    | Found Naes Ary's Book Shop.
 27410 | Orc:2    | Found Kyompaag's Weapon Boutique.
 27412 | Orc:2    | Found Sahamm's Armour Shoppe.
 27426 | Orc:2    | Bought a scroll of acquirement for 624 gold pieces
 27426 | Orc:2    | Bought a scroll of fear for 42 gold pieces
 27426 | Orc:2    | Bought a scroll of summoning for 114 gold pieces
 27427 | Orc:2    | Acquired 998 gold pieces
 27430 | Orc:2    | Bought a scroll of identify for 24 gold pieces
 27838 | D:13     | Noticed Sonja
 27851 | D:13     | Killed Sonja
 27860 | D:13     | Reached XP level 16. HP: 66/122 MP: 24/24
 27958 | D:13     | Found Qelohaeg's Serpentskin Sales.
 28119 | D:13     | Reached skill level 7 in Evocations
 28292 | D:13     | Found a gate to the Vaults.
 28471 | D:13     | Acquired a manual of Armour
 28472 | D:13     | Acquired the +0 crystal plate armour "Ezijakh" {Str+6
                  | Dex+5}
 28473 | D:13     | Acquired the amulet "Jivegada" {Acrobat -Cast Rampage rN+
                  | Slay+3}
 28916 | D:13     | Reached skill level 10 in Armour
 29099 | D:14     | Noticed Agnes
 29103 | D:14     | Killed Agnes
 29132 | D:14     | Reached skill level 8 in Evocations
 29419 | D:14     | Reached skill level 20 in Axes
 29699 | D:15     | Entered Level 15 of the Dungeon
 29855 | D:15     | Found a staircase to the Depths.
 29913 | D:15     | Identified the +2 rapier "Grom" {flame, *Rage Int+3}
 30712 | Swamp:1  | Entered Level 1 of the Swamp
 30799 | Swamp:1  | Reached skill level 21 in Axes
 30893 | Lair:4   | Reached XP level 17. HP: 78/128 MP: 25/25
 32339 | Swamp:2  | Noticed a thorn hunter
 32351 | Swamp:2  | Killed a thorn hunter
 32462 | Swamp:2  | Reached skill level 22 in Axes
 32883 | Swamp:2  | Identified the +1 ring mail of a ziggurat {Regen+ Int+3
                  | SInv}
 33028 | Swamp:3  | Noticed Bai Suzhen
 33039 | Swamp:2  | HP: 5/128 [mangrove collision (38)]
 33042 | Swamp:2  | Killed from afar by Bai Suzhen

Illustrated notes

Levels and vault maps discovered:
D:1:      dpeg_arrival_oval, layout_rooms, basic_ecumenical_altar
D:2:      layout_basic, serial_shops, shop, nrook_loot_triangle, uniq_jessica
D:3:      layout_loops_corners, gup_sewer_entry_bubbles
D:4:      layout_loops_ring, serial_shops, nicolae_shop_advertising_works
          [nicolae_subvault_shop_adworks], chequers_serial_rivers_micro_c,
          minmay_ruined_shrine, uniq_eustachio, uniq_robin
D:5:      layout_basic, lemuel_coloured_pillars_altar, minitemple,
          pdpol_temple_overflow_zin_treasury_gozag_greed,
          uniq_crazy_yiuf_cottage, uniq_sigmund, uniq_menkaure,
          uniq_blork_the_orc
D:6:      layout_basic, minmay_temple_entry_overgrown
D:7:      layout_cave_pools, serial_shops, kennysheep_mini_moat, uniq_duvessa,
          uniq_pikel
D:8:      layout_loops_cross, uniq_erica
D:9:      layout_roguey, minmay_fractal_squares_diagonal_5
D:10:     layout_cave_pools, uniq_nergalle
D:11:     layout_irregular_city, lair_entry_dummy, orc_david_3,
          gauntlet_entry_generic, elyvilon_altar_4, uniq_urug
D:12:     layout_long_grid, enter_trove_5
D:13:     layout_irregular_city, grunt_vaults_entry_fortified,
          guppyfry_shop_venom, uniq_sonja
D:14:     layout_rooms, uniq_agnes
D:15:     hangedman_depths_entry_civil_slaughter, layout_loops_ring
Temple:   nicolae_temple_hex_pool
Lair:1:   layout_regular_city, infiniplex_staircase_pool, uniq_maggie
Lair:2:   layout_cave_pods, roderic_batcave, nzn_random_ring,
          uniq_prince_ribbit2
Lair:3:   layout_big_grid, grunt_megastairs_5
Lair:4:   layout_layer_cave, minmay_swamp_entry_worms, spider_nest_entry_a,
          portal_ice_cave_entry_pillars_1, gammafunk_ghost_necromancy
Lair:5:   layout_misc_corridors, st_stairs_12, serial_bayou_pond_d,
          grunt_megastairs_4, serial_bayou_shore_b
Lair:6:   grunt_lair_end_beastmaster, layout_concentric_octagons,
          minmay_slime_entry_jelly_boxes, hangedman_lair_generics_rect,
          uniq_rupert
Swamp:1:  layout_falls_marsh, evilmike_swamp_ruin_rubble_1, st_swamp_mini
Swamp:2:  layout_basic_swamp, evilmike_swamp_ruin_house_2
Swamp:3:  layout_basic_swamp, evilmike_swamp_ruin_house_6, uniq_kirke,
          uniq_bai_suzhen
Orc:1:    layout_diamond_mine
Orc:2:    st_orc_rangers, layout_diamond_mine

Skill      XL: |  1  2  3  4  5  6  7  8  9 10 11 12 13 14 15 16 17 |
---------------+----------------------------------------------------+-----
Axes           | 3 4 6 7 8 11 12 13 14 16 17 19 21 22 | 22.1
Invocations    | 3 4 5 6 7 9 10 11 12 14 | 14.7
Armour         | 3 4 5 7 9 10 | 10.0
Shields        | 1 4 5 |  5.0
Dodging        | 2 4 5 |  5.0
Fighting       | 4 6 8 9 10 | 10.0
Evocations     | 3 6 8 |  8.0
Bows           | |  0.8

Action                   |  1- 3 |  4- 6 |  7- 9 | 10-12 | 13-15 | 16-18 || total
-------------------------+-------+-------+-------+-------+-------+-------++-------
Melee: Hand axe          |    94 |   185 |    20 |       |       |       ||   299
       Punch             |       |     1 |       |       |       |       ||     1
       War axe           |       |       |    64 |       |       |       ||    64
       Battleaxe         |       |       |    66 |   254 |   383 |       ||   703
       Flail             |       |       |       |     3 |    15 |       ||    18
       Scimitar          |       |       |       |     3 |       |       ||     3
       Executioner's axe |       |       |       |       |   336 |   347 ||   683
Invok: Bend Space        |       |       |     1 |     2 |     3 |     4 ||    10
       Banish            |       |       |       |    13 |     4 |       ||    17
 Abil: Dig               |       |       |       |       |     1 |       ||     1
Evoke: Wand              |       |       |       |     5 |     1 |       ||     6
       Condenser vane    |       |       |       |       |     2 |       ||     2
       Lightning rod     |       |       |       |       |     3 |       ||     3
  Use: Potion            |       |     7 |     3 |     3 |     4 |     3 ||    20
       Scroll            |       |       |    11 |     6 |    12 |     4 ||    33
 Stab: Sleeping          |       |     3 |     2 |       |     1 |       ||     6
       Invisible         |       |       |     1 |       |     1 |     2 ||     4
       Paralysed         |       |       |       |     2 |       |       ||     2
Armor: Leather armour    |    23 |       |    10 |     3 |       |       ||    36
       Robe              |       |    47 |    33 |       |       |       ||    80
       Plate armour      |       |       |       |   120 |    97 |    36 ||   253
       Swamp dragon scal |       |       |       |       |   143 |    50 ||   193
       Crystal plate arm |       |       |       |       |       |   104 ||   104
Dodge: Dodged            |    67 |   117 |    78 |    71 |   239 |   111 ||   683
Block: Buckler           |       |       |       |    21 |       |       ||    21
       Kite shield       |       |       |       |   122 |   404 |   181 ||   707

Table legend: (Time is in decaauts)
 A = Elapsed time spent in this place.
 B = Non-inter-level travel time spent in this place.
 C = Inter-level travel time spent in this place.
 D = Time resting spent in this place.
 E = Time spent auto-exploring this place.
 F = Levels seen in this place.
 G = Mean time per level.
                   A        B        C        D        E       F      G
               +--------+--------+--------+--------+--------+-----+--------+
         Total |  33269 |  30388 |   2881 |   4488 |  19326 |  30 | 1109.0 |
       Dungeon |  20979 |  18880 |   2099 |   2656 |  13130 |  15 | 1398.6 |
        Temple |      1 |      1 |      0 |      0 |      0 |   1 |    1.0 |
          Lair |   6811 |   6256 |    555 |    623 |   4251 |   6 | 1135.2 |
         Swamp |   1738 |   1677 |     61 |    339 |    925 |   3 |  579.3 |
  Orcish Mines |   1836 |   1672 |    164 |    191 |    747 |   2 |  918.0 |
         Abyss |     10 |     10 |      0 |      0 |      0 |   1 |   10.0 |
      Ice Cave |    833 |    833 |      0 |    425 |      0 |   1 |  833.0 |
      Gauntlet |   1057 |   1057 |      0 |    253 |    273 |   1 | 1057.0 |
               +--------+--------+--------+--------+--------+-----+--------+

Top non-repeatable levels by time:
     D:5: 2621 daAuts
     D:6: 2132 daAuts
     D:3: 1955 daAuts
     D:9: 1929 daAuts
  Lair:4: 1819 daAuts
     D:4: 1796 daAuts
    D:11: 1382 daAuts
  Lair:6: 1359 daAuts
     D:7: 1310 daAuts
     D:2: 1243 daAuts
    D:13: 1210 daAuts
  Lair:2: 1205 daAuts
     D:8: 1188 daAuts
   Orc:2: 1095 daAuts
     D:1: 1091 daAuts

Table legend:
 A = Kills in this place as a percentage of kills in entire the game.
 B = Kills by you in this place as a percentage of kills by you in the entire game.
 C = Kills by friends in this place as a percentage of kills by friends in the entire game.
 D = Other kills in this place as a percentage of other kills in the entire game.
 E = Experience gained in this place as a percentage of experience gained in the entire game.
 F = Experience gained in this place divided by the number of levels of this place that you have seen.
                   A       B       C       D       E      F
               +-------+-------+-------+-------+-------+----------------------
         Total | 100.0 | 100.0 |   N/A | 100.0 | 100.0 | 5864.2
       Dungeon |  48.7 |  49.0 |   N/A |  27.3 |  34.9 | 4093.1
          Lair |  27.4 |  27.7 |   N/A |   9.1 |  38.4 | 11255.5
         Swamp |   4.4 |   4.3 |   N/A |   9.1 |  12.2 | 7170.3
  Orcish Mines |  15.4 |  15.5 |   N/A |   9.1 |   9.7 | 8516.5
      Ice Cave |   2.8 |   2.7 |   N/A |   9.1 |   2.7 | 4663.0
      Gauntlet |   1.3 |   0.8 |   N/A |  36.4 |   2.2 | 3789.0
               +-------+-------+-------+-------+-------+----------------------
